 Dungeon Crawl Stone Soup version 0.13.1-36-g052d4d5 (webtiles) character file.

72 RepoMan the Gusty (level 3, 0/24 HPs)
             Began as a Demonspawn Air Elementalist on Mar 26, 2014.
             Succumbed to an adder's poison
             ... on Level 2 of the Dungeon.
             The game lasted 00:11:19 (1155 turns).

RepoMan the Gusty (Demonspawn Air Elementalist)     Turns: 1155, Time: 00:11:20

HP   0/24        AC  4     Str  9      XL: 3   Next: 14%
MP   2/6         EV 12     Int 16      God:
Gold 38          SH  0     Dex 13      Spells:  2 memorised,  1 level left

Res.Fire  : . . .   See Invis. : .   j - -3 spear (curse)
Res.Cold  : . . .   Warding    : .   a - +0 robe
Life Prot.: . . .   Conserve   : .   (no shield)
Res.Poison: .       Res.Corr.  : .   (helmet restricted)
Res.Elec. : .       Clarity    : .   (no cloak)
Sust.Abil.: . .     Spirit.Shd : .   (no gloves)
Res.Mut.  : .       Stasis     : .   (no boots)
Res.Rott. : .       Flight     : .   (no amulet)
Saprovore : . . .                    (no ring)
                                     (no ring)

@: mildly poisoned, not resistant to hostile enchantments, fairly stealthy
A: horns 1, AC +2
a: no special abilities


You were on level 2 of the Dungeon.
You were hungry.

You visited 1 branch of the dungeon, and saw 2 of its levels.

You collected 18 gold pieces.

Inventory:

Hand weapons
 h - a +0,+0 whip
 j - a cursed -3,-3 spear (weapon)
Armour
 a - a +0 robe (worn)
 g - a +0 cloak
Comestibles
 c - a bread ration
 f - a rotting chunk of rat flesh
 k - a meat ration
Scrolls
 d - a scroll of curse armour {unknown}
 e - 2 scrolls of enchant weapon I {unknown}
 i - a scroll of curse weapon {unknown}
 l - a scroll of random uselessness {unknown}
 m - a scroll of recharging {unknown}
 n - a scroll of fog {unknown}
Books
 b - a book of Air

   Spells                             Type                      Level
   *Shock                             Conjuration/Air              1
   *Swiftness                         Charms/Air                   2
   Repel Missiles                     Charms/Air                   2
   Flight                             Charms/Air                   3
   Static Discharge                   Conjuration/Air              3
   Lightning Bolt                     Conjuration/Air              5


   Skills:
 + Level 2.1 Dodging
 - Level 1.7 Stealth
 + Level 1.4 Spellcasting
 + Level 1.4 Conjurations
 * Level 3.3 Air Magic


You had one spell level left.
You knew the following spells:

 Your Spells              Type           Power        Failure   Level  Hunger
a - Shock                 Conj/Air       #...         10%         1    ##.....
b - Swiftness             Chrm/Air       #.........   17%         2    ###....


Dungeon Overview and Level Annotations

Branches:
Dungeon (2/27)

Altars:


Innate Abilities, Weirdness & Mutations

You have a pair of small horns on your head.
You are partially covered in yellow scales (AC +2).


Message History

Confirm with . or Enter, or press ? or * to list all spells.
Aiming: Shock
Press: ? - help, Shift-Dir - straight line The zap hits the adder.
The adder is almost dead.
The zap hits the adder.
You kill the adder!
You have reached level 3!
Your experience leads to an increase in your attributes!
Increase (S)trength, (I)ntelligence, or (D)exterity?
You feel stronger.
Your demonic ancestry asserts itself...
A pair of horns grows on your head!
You aren't carrying any potions.
Okay, then.
* * * LOW HITPOINT WARNING * * *
You feel sick.
You feel a little better.
* * * LOW HITPOINT WARNING * * *
You feel sick.
You die...

##.....##.##.# #.#
.......##.##.# #.#
..........##.# #.#
###....#####.###.###
#................
#...######.###.####
#.................#
#..........###.####
#.########## #@# #.#
#.# ### ###


There were no monsters in sight!

Vanquished Creatures
  An adder (D:2)
  A giant gecko (D:1)
  2 oozes (D:1)
  A ball python (D:1)
  2 bats (D:1)
  A giant cockroach (D:1)
  3 goblins (D:1)
  A quokka (D:2)
  A giant newt (D:1)
  5 kobolds
  2 rats (D:1)
20 creatures vanquished.

Notes
Turn   | Place    | Note
--------------------------------------------------------------
     0 | D:1      | RepoMan, the Demonspawn Air Elementalist, began the quest for the Orb.
     0 | D:1      | Reached XP level 1. HP: 13/13 MP: 3/3
   313 | D:1      | Gained mutation: You are partially covered in yellow scales (AC +2). [demonic ancestry]
   313 | D:1      | Reached XP level 2. HP: 17/19 MP: 1/4
   654 | D:1      | Learned a level 2 spell: Swiftness
   731 | D:1      | Reached skill level 3 in Air Magic
  1137 | D:2      | Gained mutation: You have a pair of small horns on your head. [demonic ancestry]
  1137 | D:2      | Reached XP level 3. HP: 2/24 MP: 0/6
  1139 | D:2      | HP: 1/24 [poisoned by an adder]
  1147 | D:2      | HP: 1/24 [poisoned by an adder]
  1155 | D:2      | Succumbed to an adder's poison

Action                   || total
-------------------------++-------
Melee: Unarmed           ||    28
       Spear             ||    16
 Cast: Shock             ||    32
 Stab: Sleeping          ||     1
